 Dungeon Crawl Stone Soup version 0.19-a0-628-g9200b3b (webtiles) character file.

9309 georgeearnest the Blocker (level 11, 0/95 HPs)
             Began as a Hill Orc Fighter on June 13, 2016.
             Was an Elder of Beogh.
             Incinerated by a mottled dragon (3 damage)
             ... with a sticky flame
             ... on level 14 of the Dungeon.
             The game lasted 00:19:34 (10059 turns).

georgeearnest the Blocker (Hill Orc Fighter)       Turns: 10059, Time: 00:19:34

Health: 0/95       AC: 15    Str: 23    XL:     11   Next: 44%
Magic:  11/11      EV: 12    Int:  8    God:    Beogh [****..]
Gold:   584        SH: 13    Dex: 10    Spells: 0 memorised, 10 levels left

rFire  . . .     SeeInvis .     i - +2 hand axe (pain)
rCold  . . .     Gourm    .     b - +0 scale mail
rNeg   . . .     Faith    .     c - +0 shield
rPois  .         Spirit   .     (no helmet)
rElec  .         Dismiss  .     q - +0 cloak
rCorr  .         Reflect  .     (no gloves)
SustAt .         Harm     .     h - +0 pair of boots (curse)
MR     +....     Rnd*Tele +     (no amulet)
Stlth  ..........               (no ring)
                                y - ring of teleportation (curse)

@: liquid flames, very slightly contaminated, glowing, invisible (but backlit
and visible), somewhat resistant to hostile enchantments, extremely unstealthy
A: icy blue scales 1, molten scales 1, magic resistance 1, regeneration 1,
shaggy fur 1, subdued magic 1
a: Smiting, Recall Orcish Followers, Renounce Religion


You were on level 14 of the Dungeon.
You worshipped Beogh.
Beogh was greatly pleased with you.
You were full.

You visited 1 branch of the dungeon, and saw 13 of its levels.

You collected 584 gold pieces.

Inventory:

Hand Weapons
 i - a +2 hand axe of pain (weapon)
Missiles
 v - 3 throwing nets (quivered)
Armour
 b - a +0 scale mail (worn)
 c - a +0 shield (worn)
 h - a cursed +0 pair of boots (worn)
 q - a +0 cloak (worn)
Jewellery
 s - an uncursed ring of protection from cold {unknown}
 y - a cursed ring of teleportation (left hand)
 A - a +4 ring of dexterity {unknown}
 D - an uncursed amulet of rage {unknown}
 O - a cursed amulet of inaccuracy {unknown}
 P - an uncursed amulet of harm {unknown}
 W - an uncursed ring of fire {unknown}
 Y - an uncursed amulet of rage {unknown}
Wands
 e - a wand of flame (26/48)
 j - a wand of polymorph (21/24)
 E - a wand of disintegration (21/24)
 Q - a wand of paralysis (13/24)
 R - a wand of iceblast (5/15)
 U - a wand of paralysis (16/24)
Scrolls
 d - 4 scrolls of magic mapping
 f - 8 scrolls of identify
 g - 2 scrolls of blinking
 k - a scroll of enchant armour
 l - 5 scrolls of remove curse
 o - 4 scrolls of enchant weapon
 p - 3 scrolls of random uselessness {unknown}
 r - a scroll of amnesia {unknown}
 t - a scroll of fear {unknown}
 u - 4 scrolls of teleportation {unknown}
 G - 2 scrolls of fog {unknown}
 I - 2 scrolls of recharging {unknown}
 N - 2 scrolls of holy word {unknown}
 V - 3 scrolls of immolation {unknown}
Potions
 x - 2 potions of ambrosia
 M - a potion of might
Books
 m - a book of Changes

   Spells                             Type                      Level
   a - Beastly Appendage              Transmutation                1
   b - Sticks to Snakes               Transmutation                2
   c - Spider Form                    Transmutation/Poison         3
   d - Ice Form                       Ice/Transmutation            4
   e - Blade Hands                    Transmutation                5
Miscellaneous
 S - a sack of spiders
Comestibles
 n - 4 meat rations
 w - 8 bread rations
 z - 8 beef jerkies
 H - a slice of pizza
 K - a royal jelly
 X - 21 fruits


   Skills:
 + Level 8.8 Fighting
 + Level 6.9(8.4) Axes
   Level 6.1(7.2) Maces & Flails
 + Level 8.7 Armour
 + Level 6.9 Dodging
 + Level 1.5 Stealth
 + Level 10.4 Shields


You had 10 spell levels left.
You didn't know any spells.

Dungeon Overview and Level Annotations

Branches:
Dungeon (14/15)            Temple (0/1) D:7            Lair (0/6) D:8
    Orc: D:9-12      Vaults: D:13-14

Altars:
Ashenzari
Cheibriados
Dithmenos
Elyvilon
Gozag
Hepliaklqana
Makhleb
Nemelex Xobeh
Pakellas
Qazlal
Sif Muna
Trog
Uskayaw
Vehumet
Xom
The Shining One

Portals:
Trove: D:10 (give 8 scrolls of blinking)

Annotations:
D:5 Blork the orc
D:11 Grum, Josephine


Innate Abilities, Weirdness & Mutations

You are partially covered in icy blue scales. (AC +1)
You are partially covered in molten scales. (AC +1)
You are resistant to hostile enchantments. (MR+)
Your natural rate of healing is unusually fast.
You are covered in fur. (AC +1)
Your spells are a little easier to cast, but a little less powerful.


Message History

The mottled dragon breathes sticky fire at you.
The sticky flame hits you!
You are covered in liquid flames!
* * * LOW HITPOINT WARNING * * *
You are very lightly contaminated with residual magic.
You are covered in liquid flames!
* * * LOW HITPOINT WARNING * * *
You are covered in liquid flames!
* * * LOW HITPOINT WARNING * * *
Okay, then.
You are covered in liquid flames!
* * * LOW HITPOINT WARNING * * *
Okay, then.
You are covered in liquid flames!
* * * LOW HITPOINT WARNING * * *
The mottled dragon breathes sticky fire at you.
The sticky flame hits you!
You are covered in liquid flames!
You are covered in liquid flames!
You die...

#### ..# ########.#### #
#...........# ..
#...........# ...
#.......)!..#####....
####........<..##.......
.......@..........##....
.###.....D.....#### ..D
#......<....# .>
###.######### . #. #. ##


You could see a mottled dragon.

Vanquished Creatures
  A tengu warrior (D:10)
  Pikel (D:9)
  A hill giant (D:9)
  A gargoyle (D:7)
  A komodo dragon (D:8)
  Grinder (D:3)
  2 wyverns
  5 yaks
  A hippogriff (D:9)
  A mottled dragon (D:8)
  Duvessa (D:4)
  A water moccasin (D:9)
  2 orc warriors
  5 ice beasts
  3 sky beasts
  A necrophage (D:5)
  4 black bears (D:6)
  2 ogres
  2 phantoms
  4 centaurs
  4 crocodiles
  A big kobold (D:8)
  5 giant frogs
  Dowan (D:4)
  A wyvern skeleton (D:10)
  A scorpion (D:5)
  A water moccasin skeleton (D:9)
  9 killer bees
  A crimson imp (D:5)
  2 giant frog zombies
  A quasit (D:10)
  4 orc priests
  4 hounds
  A giant frog skeleton (D:4)
  Ijyb (D:2)
  Jessica (D:2)
  6 worker ants
  Natasha (thrice) (D:2)
  4 orc wizards
  2 hound zombies
  A hound skeleton (D:10)
  A worker ant zombie (D:7)
  10 adders
  A shadow imp (D:5)
  2 oozes
  An adder zombie (D:6)
  An adder skeleton (D:6)
  A worm (D:3)
  5 dart slugs
  6 giant geckos
  17 orcs
  A ball python (D:3)
  5 giant cockroaches
  10 goblins
  11 hobgoblins
  5 jackals
  5 quokkas
  7 bats
  A giant gecko skeleton (D:9)
  9 giant newts
  A jackal skeleton (D:4)
  12 kobolds
  17 rats
223 creatures vanquished.

Vanquished Creatures (collateral kills)
  Harold (D:11)
  A troll (D:11)
  4 wraiths (D:11)
  A wyvern (D:10)
  2 hippogriffs
  2 wolves (D:11)
  A centaur (D:10)
  A jelly (D:10)
  A crimson imp (D:10)
  A worker ant (D:9)
  A howler monkey skeleton (D:9)
16 creatures vanquished.

Vanquished Creatures (others)
  A slave (D:9)
  An ogre (D:9)
  A wight (D:6)
  A howler monkey (D:6)
  An adder skeleton (D:9)
  A worm (D:6)
  3 orcs
  A giant cockroach (D:6)
  A jackal skeleton (D:6)
  A kobold (D:3)
12 creatures vanquished.

Grand Total: 251 creatures vanquished

Notes
Turn   | Place    | Note
--------------------------------------------------------------
     0 | D:1      | georgeearnest the Hill Orc Fighter began the quest for the Orb.
     0 | D:1      | Reached XP level 1. HP: 19/19 MP: 1/1
    45 | D:1      | Reached XP level 2. HP: 24/27 MP: 2/2
   357 | D:1      | Reached XP level 3. HP: 33/33 MP: 3/3
   862 | D:2      | Noticed Natasha
  1155 | D:2      | Killed Natasha
  1155 | D:2      | Reached skill level 4 in Shields
  1162 | D:2      | Reached XP level 4. HP: 28/40 MP: 4/4
  1195 | D:2      | Noticed Jessica
  1204 | D:2      | Killed Jessica
  1303 | D:2      | Noticed Natasha
  1316 | D:2      | Killed Natasha
  1316 | D:2      | Reached skill level 1 in Dodging
  1319 | D:2      | Noticed Natasha
  1331 | D:2      | Killed Natasha
  1331 | D:2      | Reached XP level 5. HP: 33/47 MP: 5/5
  1729 | D:2      | Noticed Ijyb
  1740 | D:2      | Killed Ijyb
  1957 | D:3      | Found an oddly glowing altar of Pakellas.
  2099 | D:3      | Became a worshipper of Beogh the Brigand
  2104 | D:3      | Found a stormy altar of Qazlal.
  2112 | D:3      | Found a glowing golden altar of the Shining One.
  2136 | D:3      | Noticed Grinder
  2138 | D:3      | Paralysed by Grinder for 4 turns
  2190 | D:3      | Paralysed by Grinder for 6 turns
  2197 | D:3      | Killed Grinder
  2197 | D:3      | Reached skill level 5 in Shields
  2197 | D:3      | Reached XP level 6. HP: 11/55 MP: 6/6
  2398 | D:3      | Found a deep blue altar of Sif Muna.
  2476 | D:3      | Reached skill level 5 in Fighting
  2477 | D:3      | Found an opulent altar of Gozag.
  2485 | D:3      | Found a white marble altar of Elyvilon.
  2545 | D:3      | Found a shattered altar of Ashenzari.
  2920 | D:4      | Reached XP level 7. HP: 61/61 MP: 7/7
  3221 | D:4      | Noticed Duvessa
  3222 | D:4      | Noticed Dowan
  3246 | D:4      | Killed Duvessa
  3246 | D:4      | Reached skill level 5 in Axes
  3246 | D:4      | Reached skill level 5 in Armour
  3251 | D:4      | Killed Dowan
  3779 | D:4      | Found a sparkling altar of Nemelex Xobeh.
  3892 | D:4      | Reached * piety under Beogh
  4203 | D:5      | Entered Level 5 of the Dungeon
  4350 | D:5      | Found a snail-covered altar of Cheibriados.
  4404 | D:5      | Reached XP level 8. HP: 60/69 MP: 8/8
  4441 | D:5      | Reached skill level 6 in Shields
  4447 | D:5      | Gained mutation: You are covered in fur. (AC +1) [mutagenic meat]
  4448 | D:5      | Gained mutation: You are partially covered in icy blue scales. (AC +1) [mutagenic meat]
  4449 | D:5      | Gained mutation: You are resistant to hostile enchantments. (MR+) [mutagenic meat]
  4451 | D:5      | Gained mutation: You evolve. [mutagenic meat]
  4488 | D:5      | Got a polished mace
  4490 | D:5      | Identified the +6 mace of Wyrd {crush, *Confuse rN+++ Int+3} (You found it on level 5 of the Dungeon)
  4951 | D:6      | Noticed Blork the orc
  5051 | D:6      | Reached skill level 1 in Maces & Flails
  5114 | D:6      | Reached skill level 7 in Shields
  5120 | D:6      | Reached XP level 9. HP: 48/75 MP: 9/9
  5453 | D:6      | Found a shimmering altar of Xom.
  5576 | D:6      | Found a bloodstained altar of Trog.
  5676 | D:7      | Found a deep blue altar of Sif Muna.
  5694 | D:7      | Gained mutation: Your natural rate of healing is unusually fast. [evolution]
  5763 | D:7      | Found a radiant altar of Vehumet.
  5881 | D:7      | Reached ** piety under Beogh
  5881 | D:7      | Reached skill level 1 in Stealth
  5881 | D:7      | Found a staircase to the Ecumenical Temple.
  5977 | D:7      | Found a burning altar of Makhleb.
  6015 | D:7      | Reached skill level 8 in Shields
  6028 | D:7      | Found a hide-covered altar of Uskayaw.
  6108 | D:7      | Noticed a gargoyle
  6117 | D:7      | Killed a gargoyle
  6229 | D:7      | Reached XP level 10. HP: 76/86 MP: 10/10
  6617 | D:8      | Reached skill level 5 in Dodging
  7021 | D:8      | Found a staircase to the Lair.
  7062 | D:8      | Reached skill level 9 in Shields
  7400 | D:8      | Reached *** piety under Beogh
  7541 | D:9      | Reached skill level 5 in Maces & Flails
  7634 | D:9      | Found a shadowy altar of Dithmenos.
  7647 | D:9      | Noticed Pikel
  7684 | D:9      | Killed Pikel
  7691 | D:9      | Lost mutation: You evolve. [evolution]
  7754 | D:9      | Noticed a hill giant
  7767 | D:9      | Killed a hill giant
  7871 | D:9      | Found a hazy altar of Hepliaklqana.
  7903 | D:9      | Reached XP level 11. HP: 77/94 MP: 11/11
  8315 | D:10     | Entered Level 10 of the Dungeon
  8468 | D:10     | Reached skill level 10 in Shields
  8478 | D:10     | Found a portal to a secret trove of treasure.
  8529 | D:10     | Reached **** piety under Beogh
  8820 | D:10     | Noticed a tengu warrior
  8826 | D:10     | Killed a tengu warrior
  9119 | D:11     | Noticed Harold
  9150 | D:11     | Gained mutation: You are partially covered in molten scales. (AC +1) [potion of mutation]
  9150 | D:11     | Gained mutation: Your spells are a little easier to cast, but a little less powerful. [potion of mutation]
  9166 | D:11     | Killed Harold
  9326 | D:11     | Noticed Grum
  9330 | D:11     | Noticed Josephine
  9374 | D:11     | Gained Urtork as an ally
 10007 | D:11     | You fall through a shaft for 3 floors!
 10039 | D:13     | Noticed a wizard
 10045 | D:13     | Noticed a hill giant
 10058 | D:14     | HP: 2/95 [burnt (6)]
 10059 | D:14     | Incinerated by a mottled dragon

Vault maps used:
D:1:      roderic_octagonal_star, minmay_ruptured
D:2:      wad_river_or_something, st_stairs_12, uniq_jessica, uniq_iyjb,
          uniq_natasha
D:3:      grunt_pakellas_salt, amethyst_overflow_temple_binary,
          lemuel_crystal_altar, nicolae_overflow_hidden_temple,
          ashenzari_conservatory_becter, nicolae_gozag_seed_capital,
          uniq_grinder
D:4:      marbit_many_paths, serial_park_tiny_2, uniq_duvessa
D:5:      kennysheep_slug_shrine, first_bread
D:6:      trog_ov_bears_minmay, xom_confusion_cloud, uniq_blork_the_orc
D:7:      lemuel_crystal_altar, vehumet_crystals, lemuel_round_altar,
          minmay_temple_entry_statues_fountains, basic_altar
D:8:      erik_lair_dragon, kennysheep_small_spiral
D:9:      nicolae_dithmenos_shadow_blocks, old_standard_altar, uniq_pikel
D:10:     enter_trove_0, grunt_tengu_nest
D:11:     stair_cage_wide, uniq_josephine, uniq_grum, uniq_maud, uniq_harold
D:13:     david_vaults_1, uniq_azrael, uniq_maurice
D:14:     minmay_misc_feat_tiny, grunt_qazlal_sundering

Skill      XL: |  1  2  3  4  5  6  7  8  9 10 11 |
---------------+----------------------------------+-----
Fighting       | 4 5 6 7 8 |  8.8
Axes           | 3 4 5 6 |  6.9
Shields        | 4 5 7 8 9 10 | 10.4
Armour         | 4 5 6 7 8 |  8.7
Dodging        | 1 2 3 4 6 |  6.9
Maces & Flails | 1 4 5 6 |  6.1
Stealth        | 1 |  1.5

Action                   |  1- 3 |  4- 6 |  7- 9 | 10-12 || total
-------------------------+-------+-------+-------+-------++-------
Melee: War axe           |    84 |   184 |   164 |       ||   432
       Mace              |       |       |   239 |   288 ||   527
       Hand axe          |       |       |       |    61 ||    61
Invok: Convert to Beogh  |       |     1 |       |       ||     1
       Recall Orcish Fol |       |       |       |     1 ||     1
  Use: Potion            |     1 |     4 |     4 |     9 ||    18
       Scroll            |       |       |     9 |     1 ||    10
 Stab: Distracted        |       |       |       |     2 ||     2
  Eat: Bread ration      |     1 |     1 |     1 |     2 ||     5
       Chunk             |       |       |     5 |       ||     5
       Meat ration       |       |       |     1 |     1 ||     2
       Fruit             |       |       |       |     3 ||     3
       Pizza             |       |       |       |     1 ||     1
Armor: Scale mail        |    42 |    98 |   188 |   118 ||   446
       Skin              |       |       |    28 |       ||    28
Dodge: Dodged            |    28 |    67 |   136 |   151 ||   382
Block: Shield            |    49 |    75 |   249 |   268 ||   641
